Match 45849121
Unlisted

Match 45849121
End
Selects Canadian Shock Battlegroup
Vickers Machine Gun Team
Construct Section Command Post
Infantry Section
Infantry Section
Infantry Section
Grenade Package
Construct Platoon Command Post
Unlock M3 Stuart Light Tanks
Construct Field Infirmary
Selects Incendiary Munitions
M3 Stuart Light Tank
Selects Pyrotechnics
Infantry Training
Royal Engineer Section
6-pounder Anti-tank Gun Team
Selects Attacking Spirit
Selects Canadian Shock Section
Vickers Machine Gun Team
Construct Company Command Post
Matilda II Heavy Tank
Selects Point Assault
Matilda II Heavy Tank
Armored Vehicle Training
Royal Engineer Section
Canadian Shock Section
CAuMOH
K̳itsuné
Septimum
영국좆사기
0
0

Comments sign in to comment!

No comments posted yet!